[ PARTIDA AOE2 · #486186761 ]
UnrankedCeltas vs Vietnamese
[ ANÁLISIS DE REPETICIÓN · EXTRAÍDO DE LA PARTIDA GRABADA ]
Feudal
10:26
Castillos
—
Imperial
—
| APM promedio | 39.0 |
| APM pico | 57 |
| eAPM promedio | 15.8 |
| Aldeanos / militares | 37 / 20 |
Foco
⚔️ 34.6% · 🌾 65.4%
Militia ×13 · Skirmisher ×7
Feudal
12:46
Castillos
—
Imperial
—
| APM promedio | 29.7 |
| APM pico | 158 |
| eAPM promedio | 13.3 |
| Aldeanos / militares | 34 / 15 |
Foco
⚔️ 17.9% · 🌾 82.1%
Archer ×9 · Militia ×6
Feudal
9:25
Castillos
—
Imperial
—
| APM promedio | 43.1 |
| APM pico | 71 |
| eAPM promedio | 14.2 |
| Aldeanos / militares | 36 / 11 |
Foco
⚔️ 36.8% · 🌾 63.2%
Archer ×10 · Spearman ×1
Feudal
8:51
Castillos
—
Imperial
—
| APM promedio | 54.7 |
| APM pico | 82 |
| eAPM promedio | 23.1 |
| Aldeanos / militares | 47 / 25 |
Foco
⚔️ 28.4% · 🌾 71.6%
Archer ×25
Feudal
17:30
Castillos
—
Imperial
—
| APM promedio | 36.9 |
| APM pico | 103 |
| eAPM promedio | 18.1 |
| Aldeanos / militares | 39 / 0 |
Foco
⚔️ 1.0% · 🌾 99.0%
Feudal
9:44
Castillos
—
Imperial
—
| APM promedio | 36.3 |
| APM pico | 72 |
| eAPM promedio | 11.4 |
| Aldeanos / militares | 40 / 4 |
Foco
⚔️ 15.8% · 🌾 84.2%
Scout Cavalry ×3 · Spearman ×1
Mapa de la partida
Recursos iniciales + cada clic de construcción. Líneas = muros · curvas = relieve. ◆ oro · ⬟ piedra · ● bayas · ✦ reliquia · ◌ hueco del cierre
Tu base· Abierta — flanco sin cerrar
Base de LMG_Leonardo· Abierta — flanco sin cerrar
Base de ClintEastNoob· Abierta — flanco sin cerrar
Base de LMG_HERA DE TEMU· Abierta — flanco sin cerrar
Base de ramis7_7· Abierta — flanco sin cerrar
Base de LMG_SON SABANDIJAS· Abierta — flanco sin cerrar
Terreno inicial suavizado · ◌ = hueco del cierre detectado · pasá el cursor para detalles
Inputs por minuto
— Papa Fil - - LMG_Leonardo
Build order — Papa Fil
93 acciones detectadas en el replay
| 0:02 | Crear | Villager (Male) |
| 0:02 | Crear | Villager (Male) |
| 0:02 | Crear | Villager (Male) |
| 0:02 | Crear | Villager (Male) |
| 0:03 | Crear | Villager (Male) |
| 0:06 | Construir | House |
| 0:07 | Construir | House |
| 1:37 | Crear | Villager (Male) |
| 2:26 | Crear | Villager (Male) |
| 2:57 | Crear | Villager (Male) |
| 3:14 | Crear | Villager (Male) |
| 3:31 | Crear | Villager (Male) |
| 4:12 | Crear | Villager (Male) |
| 4:18 | Construir | House |
| 4:27 | Crear | Villager (Male) |
| 4:31 | Crear | Villager (Male) |
| 4:32 | Crear | Villager (Male) |
| 4:54 | Construir | Lumber Camp |
| 5:02 | Crear | Villager (Male) |
| 5:46 | Crear | Villager (Male) |
| 6:04 | Crear | Villager (Male) |
| 6:36 | Crear | Villager (Male) |
| 6:42 | Construir | Mining Camp |
| 6:45 | Construir | Mill |
| 6:53 | Crear | Villager (Male) |
| 6:55 | Crear | Villager (Male) |
| 7:13 | Construir | House |
| 7:26 | Investigar | Loom |
| 7:26 | Crear | Villager (Male) |
| 7:26 | Crear | Villager (Male) |
| 7:58 | Construir | Farm |
| 8:08 | Investigar | Feudal Age |
| 8:22 | Construir | Barracks |
| 8:38 | Construir | House |
| 8:39 | Crear | Villager (Male) |
| 9:16 | Construir | House |
| 9:34 | Construir | House |
| 9:43 | Crear | Militia |
| 9:44 | Crear | Militia |
| 10:01 | Construir | Mining Camp |
| 10:26 | Edad | Edad Feudal |
| 10:27 | Construir | Palisade Wall |
| 10:44 | Crear | Villager (Male) |
| 10:54 | Construir | Farm |
| 10:54 | Construir | Farm |
| 10:55 | Construir | Farm |
| 10:55 | Construir | Farm |
| 10:56 | Construir | Farm |
| 11:02 | Crear | Villager (Male) |
| 11:10 | Crear | Villager (Male) |
| 11:17 | Crear | Militia |
| 11:52 | Crear | Militia |
| 11:59 | Crear | Villager (Male) |
| 12:02 | Crear | Villager (Male) |
| 12:07 | Construir | Archery Range |
| 12:31 | Crear | Villager (Male) |
| 13:07 | Construir | Watch Tower |
| 13:14 | Crear | Militia |
| 13:39 | Crear | Militia |
| 13:55 | Crear | Villager (Male) |
| 13:55 | Crear | Villager (Male) |
| 13:59 | Crear | Skirmisher |
| 13:59 | Crear | Skirmisher |
| 14:00 | Crear | Skirmisher |
| 14:00 | Crear | Skirmisher |
| 14:03 | Crear | Villager (Male) |
| 14:09 | Crear | Militia |
| 14:10 | Crear | Militia |
| 14:10 | Crear | Militia |
| 14:13 | Crear | Villager (Male) |
| 14:21 | Construir | Lumber Camp |
| 14:53 | Construir | Gate |
| 15:14 | Construir | Farm |
| 15:16 | Construir | Farm |
| 15:23 | Crear | Militia |
| 15:31 | Construir | Farm |
| 15:42 | Crear | Villager (Male) |
| 15:43 | Crear | Villager (Male) |
| 15:58 | Construir | Farm |
| 16:04 | Crear | Villager (Male) |
| 16:04 | Crear | Villager (Male) |
| 16:06 | Crear | Militia |
| 16:06 | Crear | Militia |
| 16:08 | Crear | Skirmisher |
| 16:08 | Crear | Skirmisher |
| 16:14 | Construir | Farm |
| 17:00 | Construir | House |
| 17:04 | Construir | House |
| 17:06 | Construir | House |
| 17:10 | Investigar | Wheelbarrow |
| 17:13 | Investigar | Double-Bit Axe |
| 17:15 | Crear | Militia |
| 17:26 | Crear | Skirmisher |
Build order — LMG_Leonardo
69 acciones detectadas en el replay
| 0:01 | Crear | Villager (Male) |
| 0:01 | Crear | Villager (Male) |
| 0:01 | Crear | Villager (Male) |
| 0:02 | Crear | Villager (Male) |
| 0:03 | Construir | House |
| 0:04 | Construir | House |
| 1:41 | Investigar | Loom |
| 2:16 | Crear | Villager (Male) |
| 2:16 | Crear | Villager (Male) |
| 2:24 | Crear | Villager (Male) |
| 2:24 | Crear | Villager (Male) |
| 3:18 | Crear | Villager (Male) |
| 3:18 | Crear | Villager (Male) |
| 3:18 | Crear | Villager (Male) |
| 3:24 | Construir | House |
| 3:28 | Construir | House |
| 3:59 | Construir | Mill |
| 4:06 | Crear | Villager (Male) |
| 4:07 | Crear | Villager (Male) |
| 4:07 | Crear | Villager (Male) |
| 4:07 | Crear | Villager (Male) |
| 4:48 | Crear | Villager (Male) |
| 5:08 | Crear | Villager (Male) |
| 5:08 | Crear | Villager (Male) |
| 5:50 | Crear | Villager (Male) |
| 5:50 | Crear | Villager (Male) |
| 6:33 | Crear | Villager (Male) |
| 6:33 | Crear | Villager (Male) |
| 6:57 | Construir | Lumber Camp |
| 7:21 | Crear | Villager (Male) |
| 7:21 | Crear | Villager (Male) |
| 7:43 | Crear | Villager (Male) |
| 8:37 | Crear | Villager (Male) |
| 9:08 | Crear | Villager (Male) |
| 9:38 | Crear | Villager (Male) |
| 9:53 | Construir | Barracks |
| 10:03 | Construir | House |
| 10:07 | Crear | Villager (Male) |
| 10:18 | Investigar | Feudal Age |
| 10:25 | Construir | Mining Camp |
| 10:51 | Crear | Militia |
| 10:52 | Crear | Militia |
| 10:52 | Crear | Militia |
| 11:17 | Construir | Mill |
| 11:21 | Crear | Militia |
| 11:21 | Crear | Militia |
| 11:32 | Construir | Farm |
| 11:50 | Crear | Militia |
| 12:38 | Crear | Villager (Male) |
| 12:38 | Crear | Villager (Male) |
| 12:46 | Edad | Edad Feudal |
| 12:48 | Construir | Archery Range |
| 13:11 | Crear | Villager (Male) |
| 13:18 | Construir | House |
| 13:19 | Construir | House |
| 13:34 | Construir | Farm |
| 13:36 | Crear | Archer |
| 13:36 | Crear | Archer |
| 13:36 | Crear | Archer |
| 13:36 | Crear | Archer |
| 13:54 | Crear | Villager (Male) |
| 13:54 | Crear | Villager (Male) |
| 14:04 | Construir | Farm |
| 14:06 | Construir | Farm |
| 14:31 | Crear | Archer |
| 14:32 | Crear | Archer |
| 14:32 | Crear | Archer |
| 14:32 | Crear | Archer |
| 14:32 | Crear | Archer |
Build order — ClintEastNoob
93 acciones detectadas en el replay
| 0:02 | Crear | Villager (Male) |
| 0:03 | Crear | Villager (Male) |
| 0:03 | Crear | Villager (Male) |
| 0:04 | Construir | House |
| 0:05 | Construir | House |
| 0:21 | Crear | Villager (Male) |
| 0:49 | Investigar | Loom |
| 0:50 | Crear | Villager (Male) |
| 1:03 | Construir | Mill |
| 1:15 | Crear | Villager (Male) |
| 1:40 | Crear | Villager (Male) |
| 2:39 | Crear | Villager (Male) |
| 2:40 | Crear | Villager (Male) |
| 2:49 | Crear | Villager (Male) |
| 3:11 | Crear | Villager (Male) |
| 3:37 | Construir | House |
| 3:54 | Construir | House |
| 3:57 | Crear | Villager (Male) |
| 4:22 | Crear | Villager (Male) |
| 4:22 | Crear | Villager (Male) |
| 4:29 | Crear | Villager (Male) |
| 4:37 | Construir | Palisade Wall |
| 4:41 | Construir | Palisade Wall |
| 4:45 | Crear | Villager (Male) |
| 5:00 | Construir | Lumber Camp |
| 5:53 | Crear | Villager (Male) |
| 6:01 | Crear | Villager (Male) |
| 7:05 | Investigar | Feudal Age |
| 7:29 | Crear | Villager (Male) |
| 8:07 | Construir | Barracks |
| 9:11 | Construir | Mining Camp |
| 9:25 | Edad | Edad Feudal |
| 9:27 | Construir | Archery Range |
| 9:29 | Investigar | Double-Bit Axe |
| 9:30 | Crear | Villager (Male) |
| 10:13 | Construir | Blacksmith |
| 10:15 | Crear | Villager (Male) |
| 10:20 | Crear | Archer |
| 10:50 | Crear | Villager (Male) |
| 10:51 | Crear | Villager (Male) |
| 11:10 | Crear | Archer |
| 11:17 | Construir | House |
| 11:40 | Crear | Villager (Male) |
| 11:41 | Crear | Archer |
| 12:06 | Crear | Archer |
| 12:07 | Crear | Villager (Male) |
| 12:07 | Crear | Villager (Male) |
| 12:07 | Crear | Villager (Male) |
| 12:23 | Crear | Spearman |
| 12:27 | Construir | House |
| 13:05 | Crear | Archer |
| 13:06 | Investigar | Fletching |
| 13:07 | Crear | Villager (Male) |
| 13:09 | Construir | Farm |
| 13:12 | Construir | Farm |
| 13:28 | Crear | Archer |
| 13:30 | Construir | Farm |
| 13:36 | Construir | House |
| 13:42 | Construir | Farm |
| 13:53 | Crear | Villager (Male) |
| 13:55 | Construir | Farm |
| 13:58 | Construir | Farm |
| 14:12 | Crear | Villager (Male) |
| 14:12 | Crear | Villager (Male) |
| 14:15 | Construir | House |
| 14:16 | Construir | House |
| 15:22 | Crear | Archer |
| 15:22 | Crear | Archer |
| 15:23 | Crear | Archer |
| 15:23 | Crear | Villager (Male) |
| 15:24 | Crear | Villager (Male) |
| 15:24 | Crear | Villager (Male) |
| 15:40 | Construir | Farm |
| 15:44 | Construir | Farm |
| 15:46 | Construir | Farm |
| 15:48 | Construir | House |
| 15:50 | Construir | House |
| 16:01 | Construir | Palisade Wall |
| 16:23 | Crear | Villager (Male) |
| 16:25 | Construir | Farm |
| 16:27 | Construir | Farm |
| 16:36 | Crear | Archer |
| 16:55 | Crear | Villager (Male) |
| 16:57 | Construir | Farm |
| 17:00 | Construir | Farm |
| 17:01 | Construir | Farm |
| 17:06 | Construir | Farm |
| 17:09 | Construir | Farm |
| 17:11 | Construir | Farm |
| 17:12 | Construir | Farm |
| 17:16 | Construir | Farm |
| 17:19 | Construir | House |
| 17:22 | Construir | Farm |
Build order — LMG_HERA DE TEMU
116 acciones detectadas en el replay
| 0:01 | Crear | Villager (Male) |
| 0:01 | Crear | Villager (Male) |
| 0:01 | Crear | Villager (Male) |
| 0:02 | Crear | Villager (Male) |
| 0:02 | Crear | Villager (Male) |
| 0:03 | Construir | House |
| 0:13 | Construir | House |
| 1:33 | Crear | Villager (Male) |
| 1:33 | Crear | Villager (Male) |
| 1:33 | Crear | Villager (Male) |
| 1:55 | Construir | Lumber Camp |
| 1:59 | Crear | Villager (Male) |
| 1:59 | Crear | Villager (Male) |
| 2:00 | Crear | Villager (Male) |
| 2:28 | Crear | Villager (Male) |
| 2:28 | Crear | Villager (Male) |
| 2:29 | Crear | Villager (Male) |
| 2:39 | Crear | Villager (Male) |
| 2:39 | Crear | Villager (Male) |
| 2:39 | Crear | Villager (Male) |
| 2:49 | Crear | Villager (Male) |
| 2:49 | Crear | Villager (Male) |
| 3:14 | Crear | Villager (Male) |
| 3:14 | Crear | Villager (Male) |
| 3:15 | Crear | Villager (Male) |
| 3:25 | Construir | House |
| 3:32 | Crear | Villager (Male) |
| 3:33 | Crear | Villager (Male) |
| 3:40 | Construir | House |
| 4:51 | Crear | Villager (Male) |
| 4:52 | Crear | Villager (Male) |
| 5:19 | Investigar | Loom |
| 5:51 | Construir | Mill |
| 6:19 | Investigar | Feudal Age |
| 7:22 | Construir | Barracks |
| 7:30 | Crear | Villager (Male) |
| 7:30 | Crear | Villager (Male) |
| 8:12 | Construir | Mining Camp |
| 8:32 | Construir | House |
| 8:51 | Edad | Edad Feudal |
| 9:01 | Construir | Archery Range |
| 9:05 | Crear | Villager (Male) |
| 9:05 | Crear | Villager (Male) |
| 9:12 | Investigar | Double-Bit Axe |
| 9:22 | Construir | Palisade Wall |
| 9:31 | Crear | Villager (Male) |
| 9:32 | Crear | Villager (Male) |
| 9:49 | Crear | Archer |
| 9:49 | Crear | Archer |
| 9:49 | Crear | Archer |
| 9:54 | Construir | Palisade Gate |
| 9:59 | Construir | Palisade Wall |
| 10:13 | Construir | House |
| 10:15 | Construir | House |
| 10:34 | Construir | Farm |
| 10:35 | Construir | Farm |
| 10:39 | Construir | Farm |
| 10:42 | Crear | Archer |
| 10:42 | Crear | Archer |
| 11:15 | Crear | Villager (Male) |
| 11:15 | Crear | Villager (Male) |
| 11:17 | Construir | Farm |
| 11:18 | Construir | Farm |
| 11:45 | Crear | Archer |
| 11:45 | Crear | Archer |
| 11:45 | Crear | Archer |
| 11:58 | Crear | Villager (Male) |
| 11:58 | Crear | Villager (Male) |
| 12:09 | Construir | Farm |
| 12:12 | Crear | Villager (Male) |
| 12:13 | Crear | Villager (Male) |
| 12:14 | Crear | Archer |
| 12:15 | Crear | Archer |
| 12:56 | Crear | Archer |
| 12:56 | Crear | Archer |
| 12:56 | Crear | Archer |
| 13:21 | Crear | Archer |
| 13:22 | Crear | Archer |
| 13:22 | Crear | Archer |
| 13:23 | Crear | Villager (Male) |
| 13:24 | Crear | Villager (Male) |
| 13:24 | Crear | Villager (Male) |
| 13:25 | Construir | Farm |
| 13:25 | Construir | Farm |
| 13:25 | Construir | Farm |
| 13:26 | Construir | Farm |
| 13:26 | Construir | Farm |
| 13:26 | Construir | Farm |
| 13:26 | Construir | Farm |
| 13:29 | Crear | Villager (Male) |
| 13:29 | Crear | Villager (Male) |
| 13:29 | Crear | Villager (Male) |
| 13:58 | Construir | House |
| 13:58 | Construir | House |
| 14:00 | Construir | House |
| 14:25 | Crear | Archer |
| 14:25 | Crear | Archer |
| 14:25 | Crear | Archer |
| 15:10 | Crear | Archer |
| 15:11 | Crear | Archer |
| 15:11 | Crear | Archer |
| 15:11 | Crear | Archer |
| 15:19 | Crear | Villager (Male) |
| 15:20 | Crear | Villager (Male) |
| 15:20 | Crear | Villager (Male) |
| 15:57 | Construir | Blacksmith |
| 16:47 | Construir | Mining Camp |
| 16:53 | Crear | Archer |
| 16:53 | Crear | Archer |
| 17:03 | Investigar | Castle Age |
| 17:03 | Investigar | Castle Age |
| 17:03 | Investigar | Castle Age |
| 17:04 | Investigar | Castle Age |
| 17:16 | Investigar | Gold Mining |
| 17:29 | Investigar | Fletching |
| 17:37 | Construir | Stable |
Build order — ramis7_7
69 acciones detectadas en el replay
| 0:04 | Crear | Villager (Male) |
| 0:05 | Crear | Villager (Male) |
| 0:06 | Construir | House |
| 0:09 | Construir | House |
| 0:15 | Crear | Villager (Male) |
| 0:15 | Crear | Villager (Male) |
| 2:06 | Crear | Villager (Male) |
| 2:06 | Crear | Villager (Male) |
| 2:23 | Investigar | Loom |
| 3:11 | Crear | Villager (Male) |
| 3:11 | Crear | Villager (Male) |
| 3:37 | Construir | Mill |
| 3:49 | Crear | Villager (Male) |
| 4:21 | Crear | Villager (Male) |
| 5:28 | Crear | Villager (Male) |
| 5:31 | Crear | Villager (Male) |
| 5:49 | Construir | Mill |
| 6:23 | Crear | Villager (Male) |
| 6:49 | Crear | Villager (Male) |
| 6:49 | Crear | Villager (Male) |
| 7:01 | Construir | House |
| 7:19 | Crear | Villager (Male) |
| 7:38 | Crear | Villager (Male) |
| 7:48 | Crear | Villager (Male) |
| 8:12 | Crear | Villager (Male) |
| 8:30 | Construir | House |
| 9:08 | Crear | Villager (Male) |
| 9:21 | Construir | Lumber Camp |
| 9:23 | Crear | Villager (Male) |
| 9:47 | Crear | Villager (Male) |
| 10:13 | Crear | Villager (Male) |
| 10:18 | Construir | Mill |
| 10:44 | Construir | Farm |
| 10:46 | Crear | Villager (Male) |
| 10:51 | Construir | Farm |
| 11:11 | Crear | Villager (Male) |
| 11:13 | Crear | Villager (Male) |
| 11:22 | Construir | House |
| 11:28 | Construir | Farm |
| 11:30 | Construir | Farm |
| 11:49 | Construir | Farm |
| 11:59 | Crear | Villager (Male) |
| 12:06 | Construir | Farm |
| 12:25 | Construir | House |
| 12:27 | Construir | House |
| 12:35 | Crear | Villager (Male) |
| 12:44 | Construir | House |
| 12:48 | Construir | Farm |
| 12:58 | Construir | Palisade Wall |
| 13:16 | Crear | Villager (Male) |
| 13:19 | Crear | Villager (Male) |
| 13:28 | Construir | Farm |
| 13:29 | Crear | Villager (Male) |
| 13:47 | Construir | Farm |
| 14:03 | Construir | Farm |
| 14:07 | Construir | Farm |
| 14:09 | Crear | Villager (Male) |
| 14:35 | Construir | Farm |
| 14:39 | Construir | Farm |
| 14:47 | Crear | Villager (Male) |
| 14:56 | Construir | Farm |
| 15:01 | Crear | Villager (Male) |
| 15:40 | Crear | Villager (Male) |
| 16:12 | Investigar | Feudal Age |
| 16:50 | Crear | Villager (Male) |
| 16:51 | Crear | Villager (Male) |
| 16:51 | Crear | Villager (Male) |
| 16:57 | Crear | Villager (Male) |
| 17:30 | Edad | Edad Feudal |
Build order — LMG_SON SABANDIJAS
72 acciones detectadas en el replay
| 0:01 | Crear | Villager (Male) |
| 0:03 | Construir | House |
| 0:05 | Construir | House |
| 0:27 | Crear | Villager (Male) |
| 0:33 | Crear | Villager (Male) |
| 0:33 | Crear | Villager (Male) |
| 1:21 | Crear | Villager (Male) |
| 2:08 | Crear | Villager (Male) |
| 2:08 | Crear | Villager (Male) |
| 2:28 | Crear | Villager (Male) |
| 2:29 | Crear | Villager (Male) |
| 2:41 | Construir | Lumber Camp |
| 2:42 | Crear | Villager (Male) |
| 2:42 | Crear | Villager (Male) |
| 2:59 | Crear | Villager (Male) |
| 2:59 | Crear | Villager (Male) |
| 3:32 | Crear | Villager (Male) |
| 3:32 | Crear | Villager (Male) |
| 3:43 | Crear | Villager (Male) |
| 3:43 | Crear | Villager (Male) |
| 3:43 | Crear | Villager (Male) |
| 3:52 | Construir | House |
| 4:16 | Crear | Villager (Male) |
| 4:16 | Crear | Villager (Male) |
| 4:16 | Crear | Villager (Male) |
| 4:16 | Crear | Villager (Male) |
| 4:33 | Crear | Villager (Male) |
| 4:34 | Crear | Villager (Male) |
| 4:34 | Crear | Villager (Male) |
| 5:10 | Crear | Villager (Male) |
| 5:10 | Crear | Villager (Male) |
| 5:25 | Crear | Villager (Male) |
| 5:25 | Crear | Villager (Male) |
| 5:26 | Crear | Villager (Male) |
| 5:32 | Construir | Mill |
| 6:00 | Crear | Villager (Male) |
| 6:16 | Investigar | Loom |
| 7:34 | Investigar | Feudal Age |
| 7:54 | Construir | House |
| 8:11 | Construir | Barracks |
| 9:37 | Construir | Palisade Gate |
| 9:44 | Edad | Edad Feudal |
| 9:49 | Construir | Stable |
| 9:57 | Construir | Farm |
| 9:57 | Crear | Villager (Male) |
| 10:01 | Crear | Villager (Male) |
| 10:07 | Crear | Villager (Male) |
| 10:20 | Investigar | Double-Bit Axe |
| 10:22 | Investigar | Horse Collar |
| 10:28 | Construir | Farm |
| 10:30 | Crear | Villager (Male) |
| 10:32 | Construir | Farm |
| 10:36 | Construir | House |
| 10:40 | Crear | Scout Cavalry |
| 10:40 | Crear | Scout Cavalry |
| 10:40 | Crear | Scout Cavalry |
| 10:55 | Construir | Farm |
| 11:08 | Construir | House |
| 11:15 | Crear | Spearman |
| 11:42 | Construir | House |
| 11:44 | Crear | Villager (Male) |
| 11:45 | Crear | Villager (Male) |
| 11:46 | Construir | Farm |
| 11:46 | Construir | Farm |
| 11:47 | Construir | Farm |
| 11:47 | Construir | Farm |
| 12:01 | Crear | Villager (Male) |
| 12:40 | Crear | Villager (Male) |
| 12:42 | Construir | Farm |
| 12:42 | Construir | Farm |
| 12:42 | Construir | Farm |
| 12:43 | Crear | Villager (Male) |
Cronología de la partida
| 4:37 | ClintEastNoob · wall_segment Palisade Wall x1 |
| 4:41 | ClintEastNoob · wall_segment Palisade Wall x5 |
| 7:22 | LMG_HERA DE TEMU · first_building Barracks |
| 8:07 | ClintEastNoob · first_building Barracks |
| 8:11 | LMG_SON SABANDIJAS · first_building Barracks |
| 8:22 | Papa Fil · first_building Barracks |
| 8:51 | LMG_HERA DE TEMU · age_up feudal |
| 9:01 | LMG_HERA DE TEMU · first_building Archery Range |
| 9:22 | LMG_HERA DE TEMU · wall_segment Palisade Wall x6 |
| 9:25 | ClintEastNoob · age_up feudal |
| 9:27 | ClintEastNoob · first_building Archery Range |
| 9:44 | LMG_SON SABANDIJAS · age_up feudal |
| 9:49 | LMG_SON SABANDIJAS · first_building Stable |
| 9:53 | LMG_Leonardo · first_building Barracks |
| 9:59 | LMG_HERA DE TEMU · wall_segment Palisade Wall x4 |
| 10:26 | Papa Fil · age_up feudal |
| 10:27 | Papa Fil · wall_segment Palisade Wall x1 |
| 12:07 | Papa Fil · first_building Archery Range |
| 12:46 | LMG_Leonardo · age_up feudal |
| 12:48 | LMG_Leonardo · first_building Archery Range |
| 12:58 | ramis7_7 · wall_segment Palisade Wall x1 |
| 14:25 | LMG_SON SABANDIJAS · resign |
| 16:01 | ClintEastNoob · wall_segment Palisade Wall x1 |
| 17:30 | ramis7_7 · age_up feudal |
| 17:37 | LMG_HERA DE TEMU · first_building Stable |
[ ANÁLISIS IA · 1 CRÉDITO ]
¿Qué pasó realmente en esta partida?
Wolo.gg analiza cada decisión: build order, eco, micro, errores típicos por bracket. Análisis personalizado por WhatsApp o Discord en 30 segundos.
Guía civ
Celtas
Perfil
Jugador #387552